3L
VANCOUVER GREY WOLVES @ SEATTLE ROCKETEERS
09/05/2042
 
TOP OF THE 1ST
Vancouver Grey Wolves batting - Pitching for Seattle Rocketeers : LHP Andy Williams
Pitching: LHP Andy Williams
Batting: RHB José Torres 0-0: Reached on error, E6 (Groundball, 6S, EV 78.8 MPH)
Batting: RHB Ray Skipworth 0-0: Called Strike
0-1: Foul Ball, location: 2F
0-2: Ball
1-2: Fly out, F7 (Flyball, 7LMF, EV 71.2 MPH)
Batting: LHB Cameron Woolever 0-0: Foul Ball, location: 2F
0-1: Ball
1-1: Fly out, F7 (Flyball, 7LMF, EV 81.9 MPH)
Batting: RHB Rafael Maldonado 0-0: Ball
1-0: Ball
2-0: Ball
3-0: Called Strike
3-1: Foul Ball, location: 2F
3-2: Foul Ball, location: 2F
3-2: Base on Balls
José Torres to second
Batting: RHB Kao-tsu Koo 0-0: Called Strike
0-1: Ball
1-1: Ball
2-1: Ball
3-1: SINGLE (Flyball, 8LS, EV 95.0 MPH)
José Torres to third
Rafael Maldonado to second
Runner from 3rd tries for Home, SAFE, no throw by CF
Batting: LHB Javier Caceres 0-0: Ball
1-0: Called Strike
1-1: Ball
2-1: Called Strike
2-2: Foul Ball, location: 2F
2-2: Foul Ball, location: 2F
2-2: Ball
3-2: Base on Balls
Rafael Maldonado to third
Kao-tsu Koo to second
Batting: SHB Willie McGirt 0-0: Ball
1-0: Called Strike
1-1: Foul Ball, location: 2F
1-2: Foul Ball, location: 2F
1-2: Ball
2-2: Fly out, F7 (Flyball, 7, EV 80.0 MPH)
Top of the 1st over - 1 run, 1 hit, 1 error, 3 left on base; Vancouver 1 - Seattle 0
BOTTOM OF THE 1ST
Seattle Rocketeers batting - Pitching for Vancouver Grey Wolves : LHP Gerardo Pagán
Pitching: LHP Gerardo Pagán
Batting: SHB Lodd Felton 0-0: Ball
1-0: Ball
2-0: Ground out 6-3 (Groundball, 6, EV 110.0 MPH)
Batting: RHB Jur Prokop 0-0: Ground out 6-3 (Groundball, 6M, EV 84.4 MPH)
Batting: RHB Jason Slaybaugh 0-0: Called Strike
0-1: Foul Ball, location: 2F
0-2: SINGLE (Popup, 3D, EV 57.5 MPH)
Batting: RHB Gah-fat Liu 0-0: Swinging Strike
0-1: Ball
1-1: Called Strike
1-2: Fielders Choice at 2nd, 6-4 (Groundball, 6, EV 80.0 MPH)
Bottom of the 1st over - 0 runs, 1 hit, 0 errors, 1 left on base; Vancouver 1 - Seattle 0
TOP OF THE 2ND
Vancouver Grey Wolves batting - Pitching for Seattle Rocketeers : LHP Andy Williams
Batting: SHB John Hawley 0-0: Foul Ball, location: 2F
0-1: Foul Ball, location: 2F
0-2: Ball
1-2: Strikes out swinging
Batting: RHB David Stone 0-0: Ball
1-0: Ball
2-0: Ball
3-0: Base on Balls
Batting: RHB José Torres 0-0: Ball
1-0: Foul Ball, location: 2F
1-1: Grounds into double play, 4-6-3 (Groundball, 34, EV 107.5 MPH)
Top of the 2nd over - 0 runs, 0 hits, 0 errors, 0 left on base; Vancouver 1 - Seattle 0
BOTTOM OF THE 2ND
Seattle Rocketeers batting - Pitching for Vancouver Grey Wolves : LHP Gerardo Pagán
Batting: RHB Alain Grosjean 0-0: Called Strike
0-1: Ball
1-1: Foul Ball, location: 2F
1-2: Ground out 6-3 (Groundball, 6S, EV 68.8 MPH)
Batting: RHB Mathew Mayo 0-0: Ball
1-0: Ground out 6-3 (Groundball, 6, EV 103.1 MPH)
Batting: RHB Yakamochi Ota 0-0: Swinging Strike
0-1: Ball
1-1: Ball
2-1: Foul Ball, location: 2F
2-2: Ball
3-2: Foul Ball, location: 2F
3-2: Reached on error, E5 (Groundball, 56S, EV 70.6 MPH)
Batting: RHB Guy Toussaint 0-0: Reached on error, E4 (Groundball, 4, EV 100.0 MPH)
Yakamochi Ota scores
Batting: LHB Carlos Gabriel 0-0: Called Strike
0-1: Foul Ball, location: 2F
0-2: Ball
1-2: Fly out, F7 (Flyball, 7LS, EV 90.6 MPH)
Bottom of the 2nd over - 1 run, 0 hits, 2 errors, 1 left on base; Vancouver 1 - Seattle 1
TOP OF THE 3RD
Vancouver Grey Wolves batting - Pitching for Seattle Rocketeers : LHP Andy Williams
Batting: RHB Ray Skipworth 0-0: Ball
1-0: Ball
2-0: Ball
3-0: Base on Balls
Batting: LHB Cameron Woolever 0-0: Ball
1-0: Ball
2-0: Ball
3-0: Base on Balls
Ray Skipworth to second
Batting: RHB Rafael Maldonado 0-0: Called Strike
0-1: Ball
1-1: Ball
2-1: SINGLE (Groundball, 56D, EV 98.1 MPH)
Ray Skipworth to third
Cameron Woolever to second
Batting: RHB Kao-tsu Koo 0-0: Called Strike
0-1: Swinging Strike
0-2: Foul Ball, location: 2F
0-2: Strikes out swinging
Batting: LHB Javier Caceres 0-0: Ball
1-0: Ball
2-0: Foul Ball, location: 2F
2-1: Ball
3-1: Base on Balls
Ray Skipworth scores
Cameron Woolever to third
Rafael Maldonado to second
Batting: SHB Willie McGirt 0-0: Called Strike
0-1: Ball
1-1: Swinging Strike
1-2: Ball
2-2: Ball
3-2: Strikes out swinging
Batting: SHB John Hawley 0-0: Ball
1-0: Ball
2-0: Foul Ball, location: 2F
2-1: SINGLE (Popup, 4MD, EV 65.6 MPH)
Cameron Woolever scores
Rafael Maldonado to third
Javier Caceres to second
Runner from 3rd tries for Home, SAFE, no throw by 2B
Batting: RHB David Stone 0-0: Ball
1-0: TRIPLE (Flyball, 89XD, EV 106.2 MPH)
Javier Caceres scores
John Hawley scores
Batting: RHB José Torres 0-0: Called Strike
0-1: SINGLE (Line Drive, 34D, EV 108.8 MPH)
David Stone scores
Pitching: LHP Dale Hamilton
Batting: RHB Ray Skipworth 0-0: Called Strike
0-1: Ball
1-1: DOUBLE (Line Drive, 9LM, EV 102.5 MPH)
José Torres to third
Batting: LHB Cameron Woolever 0-0: Swinging Strike
0-1: Called Strike
0-2: Ball
1-2: Ball
2-2: SINGLE (Groundball, 34, EV 77.5 MPH) (infield hit)
José Torres scores
Ray Skipworth to third
Batting: RHB Rafael Maldonado 0-0: Called Strike
0-1: Ball
1-1: Called Strike
1-2: Ball
Cameron Woolever steals 2nd base (no throw)
2-2: Foul Ball, location: 2F
2-2: Ball
3-2: Foul Ball, location: 2F
3-2: Ground out 5-3 (Groundball, 5S, EV 91.2 MPH)
Top of the 3rd over - 7 runs, 6 hits, 0 errors, 2 left on base; Vancouver 8 - Seattle 1
BOTTOM OF THE 3RD
Seattle Rocketeers batting - Pitching for Vancouver Grey Wolves : LHP Gerardo Pagán
Batting: SHB Lodd Felton 0-0: Called Strike
0-1: Swinging Strike
0-2: Ball
1-2: Ball
2-2: Ground out U3 (Groundball, 34, EV 106.2 MPH)
Batting: RHB Jur Prokop 0-0: Ball
1-0: Called Strike
1-1: Fly out, F8 (Flyball, 89M, EV 78.1 MPH)
Batting: RHB Jason Slaybaugh 0-0: Called Strike
0-1: Swinging Strike
0-2: Ball
1-2: Ball
2-2: Ball
3-2: Base on Balls
Batting: RHB Gah-fat Liu 0-0: Ball
1-0: Ball
2-0: Ball
3-0: DOUBLE (Line Drive, 78D, EV 105.6 MPH)
Jason Slaybaugh to third
Batting: RHB Alain Grosjean 0-0: Called Strike
0-1: SINGLE (Groundball, 34D, EV 97.5 MPH)
Jason Slaybaugh scores
Gah-fat Liu to third
Runner from 3rd tries for Home, SAFE, throw by RF to home
Batting: RHB Mathew Mayo 0-0: Called Strike
0-1: Ball
1-1: Called Strike
1-2: Fly out, F7 (Flyball, 7S, EV 94.4 MPH)
Bottom of the 3rd over - 2 runs, 2 hits, 0 errors, 1 left on base; Vancouver 8 - Seattle 3
TOP OF THE 4TH
Vancouver Grey Wolves batting - Pitching for Seattle Rocketeers : LHP Dale Hamilton
Batting: RHB Kao-tsu Koo 0-0: Called Strike
0-1: Called Strike
0-2: Ball
1-2: Foul Ball, location: 2F
1-2: Strikes out swinging
Batting: LHB Javier Caceres 0-0: Called Strike
0-1: Ball
1-1: SINGLE (Groundball, 6, EV 86.9 MPH) (infield hit)
Batting: SHB Willie McGirt 0-0: Ball
1-0: Ball
2-0: Called Strike
2-1: SINGLE (Flyball, 78M, EV 93.1 MPH)
Javier Caceres to second
Batting: SHB John Hawley 0-0: Ball
Javier Caceres is caught stealing 3rd base 2-5
1-0: Ball
2-0: Called Strike
2-1: DOUBLE (Flyball, 8LXD, EV 111.2 MPH)
Willie McGirt to third
Runner from 3rd tries for Home, SAFE, no throw by CF
Batting: RHB David Stone 0-0: Ball
1-0: Called Strike
1-1: Ground out 4-3 (Groundball, 4, EV 98.1 MPH)
Top of the 4th over - 1 run, 3 hits, 0 errors, 1 left on base; Vancouver 9 - Seattle 3
BOTTOM OF THE 4TH
Seattle Rocketeers batting - Pitching for Vancouver Grey Wolves : LHP Gerardo Pagán
Batting: RHB Yakamochi Ota 0-0: Ground out 6-3 (Groundball, 6D, EV 108.8 MPH)
Batting: RHB Guy Toussaint 0-0: Called Strike
0-1: Reached on error, E3 (Groundball, 34, EV 103.1 MPH)
Batting: LHB Carlos Gabriel 0-0: Ball
1-0: Called Strike
1-1: Called Strike
1-2: Fly out, F9 (Flyball, 9S, EV 78.8 MPH)
Batting: SHB Lodd Felton 0-0: Called Strike
0-1: Foul Ball, location: 2F
0-2: Ball
1-2: Foul Ball, location: 2F
1-2: Ball
2-2: SINGLE (Line Drive, 6M, EV 100.0 MPH)
Guy Toussaint to second
Batting: RHB Jur Prokop 0-0: Called Strike
0-1: Foul Ball, location: 2F
0-2: Ball
1-2: Foul Ball, location: 2F
1-2: Fly out, F7 (Flyball, 78M, EV 86.9 MPH)
Bottom of the 4th over - 0 runs, 1 hit, 1 error, 2 left on base; Vancouver 9 - Seattle 3
TOP OF THE 5TH
Vancouver Grey Wolves batting - Pitching for Seattle Rocketeers : LHP Dale Hamilton
Batting: RHB José Torres 0-0: Foul Ball, location: 2F
0-1: Ground out 4-3 (Groundball, 4, EV 85.0 MPH)
Batting: RHB Ray Skipworth 0-0: Called Strike
0-1: Ball
1-1: Foul Ball, location: 2F
1-2: Foul Ball, location: 2F
1-2: Strikes out looking
Batting: LHB Cameron Woolever 0-0: Foul Ball, location: 2F
0-1: Ball
1-1: Called Strike
1-2: Ball
2-2: Ball
3-2: Foul Ball, location: 2F
3-2: Ground out 4-3 (Groundball, 34, EV 95.0 MPH)
Top of the 5th over - 0 runs, 0 hits, 0 errors, 0 left on base; Vancouver 9 - Seattle 3
BOTTOM OF THE 5TH
Seattle Rocketeers batting - Pitching for Vancouver Grey Wolves : LHP Gerardo Pagán
Batting: RHB Jason Slaybaugh 0-0: Ball
1-0: Foul Ball, location: 2F
1-1: Ball
2-1: Ball
3-1: Fly out, F3 (Popup, 3F, EV 63.1 MPH)
Batting: RHB Gah-fat Liu 0-0: SINGLE (Groundball, 5D, EV 103.8 MPH)
Batting: RHB Alain Grosjean 0-0: Called Strike
0-1: Swinging Strike
0-2: Foul Ball, location: 2F
0-2: Fly out, F8 (Flyball, 89D, EV 101.9 MPH)
Batting: RHB Mathew Mayo 0-0: Ball
1-0: Called Strike
1-1: 2-RUN HOME RUN (Line Drive, 7D, EV 111.2 MPH), Distance : 359 ft
Pitching: RHP Trevor Brohard
Batting: RHB Yakamochi Ota 0-0: Ball
1-0: Swinging Strike
1-1: Foul Ball, location: 2F
1-2: Ground out 6-3 (Groundball, 6, EV 105.0 MPH)
Bottom of the 5th over - 2 runs, 2 hits, 0 errors, 0 left on base; Vancouver 9 - Seattle 5
TOP OF THE 6TH
Vancouver Grey Wolves batting - Pitching for Seattle Rocketeers : LHP Dale Hamilton
Batting: RHB Rafael Maldonado 0-0: Ball
1-0: Foul Ball, location: 2F
1-1: Ball
2-1: Ball
3-1: Base on Balls
Pitching: RHP Min-chor Chon
Batting: RHB Kao-tsu Koo 0-0: Ball
1-0: Foul Ball, location: 2F
1-1: Ball
2-1: Called Strike
2-2: Foul Ball, location: 2F
2-2: SINGLE (Line Drive, 4MD, EV 101.9 MPH)
Rafael Maldonado to second
Pitching: LHP Jeffery Clayton
Batting: LHB Javier Caceres 0-0: SINGLE (Groundball, 34D, EV 100.0 MPH)
Rafael Maldonado to third
Kao-tsu Koo to second
Batting: SHB Willie McGirt 0-0: Called Strike
0-1: Foul Ball, location: 2F
0-2: Fielders Choice at 2nd, 6-4 (Groundball, 56, EV 80.0 MPH)
Rafael Maldonado scores
Kao-tsu Koo to third
Batting: SHB John Hawley 0-0: Ball
Willie McGirt steals 2nd base
1-0: Ball
2-0: Ball
3-0: Called Strike
3-1: Base on Balls
Batting: RHB David Stone 0-0: Ball
1-0: Called Strike
1-1: Swinging Strike
1-2: Fielders Choice at 2nd, 4-6 (Groundball, 4, EV 86.9 MPH)
Kao-tsu Koo scores
Willie McGirt to third
Batting: RHB José Torres 0-0: Foul Ball, location: 2F
0-1: Ball
1-1: Called Strike
1-2: SINGLE (Groundball, 6MD, EV 93.8 MPH)
Willie McGirt scores
David Stone to second
Runner from 2nd tries for 3rd, SAFE, throw by CF made to third
Batting: RHB Ray Skipworth 0-0: Called Strike
0-1: Swinging Strike
0-2: Ball
1-2: Strikes out swinging
Top of the 6th over - 3 runs, 3 hits, 0 errors, 2 left on base; Vancouver 12 - Seattle 5
BOTTOM OF THE 6TH
Seattle Rocketeers batting - Pitching for Vancouver Grey Wolves : RHP Trevor Brohard
Batting: RHB Guy Toussaint 0-0: Called Strike
0-1: Foul Ball, location: 2F
0-2: Ball
1-2: Foul Ball, location: 2F
1-2: Fly out, F8 (Flyball, 8RS, EV 88.1 MPH)
Batting: LHB Carlos Gabriel 0-0: Ball
1-0: Called Strike
1-1: Fly out, F9 (Flyball, 89S, EV 74.4 MPH)
Batting: SHB Lodd Felton 0-0: Foul Ball, location: 2F
0-1: Ball
1-1: SINGLE (Flyball, 89S, EV 93.8 MPH)
Batting: RHB Jur Prokop 0-0: Called Strike
0-1: Ball
1-1: Ball
2-1: Foul Ball, location: 2F
2-2: Fly out, F5 (Popup, 5SF, EV 73.8 MPH)
Bottom of the 6th over - 0 runs, 1 hit, 0 errors, 1 left on base; Vancouver 12 - Seattle 5
TOP OF THE 7TH
Vancouver Grey Wolves batting - Pitching for Seattle Rocketeers : LHP Jeffery Clayton
Batting: LHB Cameron Woolever 0-0: Called Strike
0-1: Called Strike
0-2: Ball
1-2: Ball
2-2: Ball
3-2: Strikes out swinging
Batting: RHB Rafael Maldonado 0-0: Ball
1-0: Swinging Strike
1-1: Foul Ball, location: 2F
1-2: Ball
2-2: Fly out, F8 (Flyball, 8RM, EV 90.0 MPH)
Batting: RHB Kao-tsu Koo 0-0: Foul Ball, location: 2F
0-1: Fly out, F7 (Flyball, 78M, EV 90.0 MPH)
Top of the 7th over - 0 runs, 0 hits, 0 errors, 0 left on base; Vancouver 12 - Seattle 5
BOTTOM OF THE 7TH
Seattle Rocketeers batting - Pitching for Vancouver Grey Wolves : RHP Trevor Brohard
Batting: RHB Jason Slaybaugh 0-0: Swinging Strike
0-1: Ball
1-1: Ball
2-1: Ball
3-1: Foul Ball, location: 2F
3-2: Fly out, F8 (Line Drive, 8LM, EV 91.9 MPH)
Batting: RHB Gah-fat Liu 0-0: Ball
1-0: Called Strike
1-1: Foul Ball, location: 2F
1-2: Fly out, F8 (Flyball, 89D, EV 93.8 MPH)
Batting: RHB Alain Grosjean 0-0: Ball
1-0: Ball
2-0: Ball
3-0: Fly out, F6 (Popup, 6, EV 66.9 MPH)
Bottom of the 7th over - 0 runs, 0 hits, 0 errors, 0 left on base; Vancouver 12 - Seattle 5
TOP OF THE 8TH
Vancouver Grey Wolves batting - Pitching for Seattle Rocketeers : LHP Jeffery Clayton
Batting: LHB Javier Caceres 0-0: Ball
1-0: Ball
2-0: Ball
3-0: Called Strike
3-1: Base on Balls
Batting: SHB Willie McGirt 0-0: Ball
1-0: Swinging Strike
1-1: Called Strike
1-2: Foul Ball, location: 2F
1-2: Strikes out swinging
Batting: SHB John Hawley 0-0: Ground out 5-3 (Groundball, 56S, EV 73.8 MPH)
Javier Caceres to second
Batting: RHB David Stone 0-0: Ball
1-0: SINGLE (Flyball, 78S, EV 91.2 MPH)
Javier Caceres to third
Runner from 3rd tries for Home, SAFE, throw by LF to home
David Stone to second
Batting: RHB José Torres 0-0: Ball
1-0: Called Strike
1-1: Ball
2-1: Ball
3-1: Fly out, F9 (Flyball, 89M, EV 86.2 MPH)
Top of the 8th over - 1 run, 1 hit, 0 errors, 1 left on base; Vancouver 13 - Seattle 5
BOTTOM OF THE 8TH
Seattle Rocketeers batting - Pitching for Vancouver Grey Wolves : RHP Trevor Brohard
Batting: RHB Mathew Mayo 0-0: Called Strike
0-1: Foul Ball, location: 2F
0-2: Ground out U3 (Groundball, 3, EV 81.2 MPH)
Batting: RHB Yakamochi Ota 0-0: Called Strike
0-1: Ball
1-1: Swinging Strike
1-2: Foul Ball, location: 2F
1-2: Strikes out swinging
Batting: RHB Guy Toussaint 0-0: Ball
1-0: Ball
2-0: Called Strike
2-1: Ground out 6-3 (Groundball, 6, EV 80.0 MPH)
Bottom of the 8th over - 0 runs, 0 hits, 0 errors, 0 left on base; Vancouver 13 - Seattle 5
TOP OF THE 9TH
Vancouver Grey Wolves batting - Pitching for Seattle Rocketeers : LHP Jeffery Clayton
Pitching: RHP Wu-ti Xuan
Batting: RHB Ray Skipworth 0-0: Called Strike
0-1: Ball
1-1: Ball
2-1: Called Strike
2-2: SINGLE (Groundball, 6, EV 81.9 MPH) (infield hit)
Batting: LHB Cameron Woolever 0-0: Ball
1-0: Ball
2-0: Ball
3-0: Base on Balls
Ray Skipworth to second
Batting: RHB Rafael Maldonado 0-0: Ball
1-0: Called Strike
1-1: Grounds into DOUBLE play, U5-4-3 (Groundball, 5L, EV 90.0 MPH)
Batting: RHB Kao-tsu Koo 0-0: Ball
1-0: Foul Ball, location: 2F
1-1: Ball
2-1: Foul Ball, location: 2F
2-2: Ground out 3-1 (Groundball, 34, EV 100.0 MPH)
Top of the 9th over - 0 runs, 1 hit, 0 errors, 1 left on base; Vancouver 13 - Seattle 5
BOTTOM OF THE 9TH
Seattle Rocketeers batting - Pitching for Vancouver Grey Wolves : RHP Trevor Brohard
Batting: LHB Carlos Gabriel 0-0: Called Strike
0-1: Ball
1-1: Foul Ball, location: 2F
1-2: Ground out 5-3 (Groundball, 5, EV 83.8 MPH)
Batting: SHB Lodd Felton 0-0: Swinging Strike
0-1: Foul Ball, location: 2F
0-2: Strikes out swinging
Batting: RHB Jur Prokop 0-0: Ball
1-0: Called Strike
1-1: Called Strike
1-2: Ball
2-2: Reached on error, E2 (Groundball, 13S, EV 65.6 MPH)
Batting: RHB Jason Slaybaugh 0-0: Ball
1-0: Ball
2-0: Called Strike
2-1: Foul Ball, location: 2F
2-2: Foul Ball, location: 2F
2-2: Foul Ball, location: 2F
2-2: Foul Ball, location: 2F
2-2: 2-RUN HOME RUN (Flyball, 78XD, EV 101.2 MPH), Distance : 415 ft
Pitching: RHP Juichi Kanno
Batting: RHB Gah-fat Liu 0-0: Called Strike
0-1: Ball
1-1: Ball
2-1: Foul Ball, location: 2F
2-2: DOUBLE (Line Drive, 7LD, EV 108.1 MPH)
Batting: RHB Alain Grosjean 0-0: Ball
1-0: Called Strike
1-1: SINGLE (Groundball, 34D, EV 96.2 MPH)
Gah-fat Liu to third
Batting: RHB Mathew Mayo 0-0: Reaches on Catchers interference
Alain Grosjean to second
Batting: RHB Yakamochi Ota 0-0: Ball
1-0: Foul Ball, location: 2F
1-1: Swinging Strike
1-2: Ball
2-2: Foul Ball, location: 2F
2-2: Foul Ball, location: 2F
2-2: Foul Ball, location: 2F
2-2: Strikes out looking
Bottom of the 9th over - 2 runs, 3 hits, 2 errors, 3 left on base; Vancouver 13 - Seattle 7
Friday, March 26th, 2021 - OOTP Baseball 20.8 Build 74